 Dungeon Crawl Stone Soup version 0.22-a0-352-gc608dd7 (webtiles) character file.

522 AlmostDecent the Chopper (level 7, -1/53 HPs)
             Began as a Demonspawn Fighter on Apr 15, 2018.
             Was a Follower of Okawaru.
             Succumbed to a killer bee's poison
             ... on level 5 of the Dungeon.
             The game lasted 00:13:43 (3933 turns).

AlmostDecent the Chopper (Demonspawn Fighter)       Turns: 3933, Time: 00:13:44

Health: -1/53      AC: 15    Str: 22 (23) XL:     7   Next: 1%
Magic:  7/7        EV:  8    Int:  7 (9)  God:    Okawaru [*.....]
Gold:   125        SH:  9    Dex: 10 (12) Spells: 6/6 levels left

rFire    . . .     SeeInvis .   a - +0 war axe
rCold    . . .     Gourm    .   c - +0 shield
rNeg     . . .     Faith    .   u - +4 scale mail of the First Snow {Str+2}
rPois    .         Spirit   .   (no helmet)
rElec    .         Reflect  .   (no cloak)
rCorr    .         Harm     .   (no gloves)
MR       .....                  l - +0 pair of boots
Stlth    ..........             k - amulet of the acrobat
HPRegen  0.17/turn              r - +2 ring of strength
MPRegen  0.10/turn              (no ring)

@: lethally poisoned (-1 -> -26)
A: yellow scales 2, demonic guardian 1
a: Heroism, Renounce Religion


You were on level 5 of the Dungeon.
You worshipped Okawaru.
Okawaru was aware of your devotion.
You were hungry.

You visited 2 branches of the dungeon, and saw 6 of its levels.

You collected 125 gold pieces.

Inventory:

Hand Weapons
 a - a +0 war axe (weapon)
Armour
 c - a +0 shield (worn)
 l - a +0 pair of boots (worn)
 u - the +4 scale mail of the First Snow (worn) {Str+2}
   (You found it on level 4 of the Dungeon)

   It affects your strength (+2).
Jewellery
 k - an amulet of the acrobat (around neck)
 r - a +2 ring of strength (left hand)
Wands
 q - a wand of acid (3)
Scrolls
 e - 2 scrolls of enchant weapon {unknown}
 h - a scroll of teleportation {unknown}
 i - a scroll of random uselessness {unknown}
 m - a scroll of magic mapping {unknown}
 o - 2 scrolls of amnesia {unknown}
 p - a scroll of fog {unknown}
Potions
 d - a potion of degeneration
 g - 2 potions of mutation {unknown}
 j - 2 potions of flight {unknown}
 n - a potion of curing {unknown}
 t - a potion of cancellation {unknown}
 v - a potion of heal wounds {unknown}
Comestibles
 f - 9 rations


   Skills:
 + Level 3.9 Fighting
 + Level 4.9 Axes
 + Level 4.0 Armour
 + Level 1.5 Dodging
 + Level 0.6 Stealth
 + Level 3.4 Shields


You had 6 spell levels left.
You didn't know any spells.

Dungeon Overview and Level Annotations

Branches:
Dungeon (5/15)             Temple (1/1) D:4

Altars:
Dithmenos
Elyvilon
Gozag
Hepliaklqana
Okawaru
Qazlal
Ru
Trog
Uskayaw
Wu Jian
Xom
Yredelemnul
Zin
The Shining One


Innate Abilities, Weirdness & Mutations

You are mostly covered in yellow scales. (AC +3)
A weak demonic guardian rushes to your aid.


Message History

You block the killer bee's attack.
* * * LOW HITPOINT WARNING * * *
You feel sick.
The water moccasin bites your quasit but does no damage.
Your ufetubus misses the killer bee. Your ufetubus hits the killer bee.
The worker ant closely misses your quasit.
Your quasit bites the killer bee.
The killer bee dies!
Okawaru accepts your kill.
You can now gain great but temporary skills.
Your Armour skill increases to level 4!
You have reached level 7!
Your demonic ancestry asserts itself...
Yellow scales spread over more of your body.
You block the killer bee's attack.
The water moccasin barely misses your quasit.
It was a potion of degeneration.
There was something very wrong with that liquid.
You feel weakened.
You feel dopey.
You feel clumsy.
You die...

##.## .....
###.#....
..#########........
....................
...............#.#..
....................
.$........5.........
.........#@#<..##..
...#..5..y.....#
.......#5#y.......
.......aS†..........
....................
....Z..............#
....#..$...###.....#
... .......# .#...#
.. ..###...# #


You could see a water moccasin, a worker ant, 2 killer bees, a worker ant
zombie, a friendly quasit, a friendly shadow imp and a friendly ufetubus.

Vanquished Creatures
  An ogre (D:4)
  2 scorpions
  An iguana (D:4)
  2 orc wizards (D:3)
  A worker ant (D:4)
  8 adders
  3 worms
  2 dart slugs (D:3)
  2 leopard geckos
  14 orcs
  6 giant cockroaches
  5 goblins
  14 hobgoblins
  6 jackals
  4 quokkas
  16 bats
  7 frilled lizards
  9 kobolds
  9 rats
112 creatures vanquished.

Vanquished Creatures (collateral kills)
  A killer bee (D:5)
1 creature vanquished.

Grand Total: 113 creatures vanquished

Notes
Turn   | Place    | Note
-------+----------+-------------------------------------------
     0 | D:1      | AlmostDecent the Demonspawn Fighter began the quest for the Orb.
     0 | D:1      | Reached XP level 1. HP: 18/18 MP: 1/1
   115 | D:1      | Gained mutation: You are partially covered in yellow scales. (AC +2) [demonic ancestry]
   115 | D:1      | Reached XP level 2. HP: 20/24 MP: 2/2
   412 | D:1      | Reached XP level 3. HP: 28/29 MP: 3/3
  1363 | D:2      | Reached XP level 4. HP: 33/35 MP: 4/4
  2150 | D:3      | Reached skill level 1 in Dodging
  2166 | D:3      | Reached XP level 5. HP: 40/41 MP: 5/5
  2887 | D:4      | Found a staircase to the Ecumenical Temple.
  2897 | Temple   | Entered the Ecumenical Temple
  3005 | Temple   | Became a worshipper of Warmaster Okawaru
  3175 | D:4      | Gained mutation: A weak demonic guardian rushes to your aid. [demonic ancestry]
  3175 | D:4      | Reached XP level 6. HP: 32/48 MP: 6/6
  3595 | D:4      | Got a translucent scale mail
  3610 | D:4      | Identified the +4 scale mail of the First Snow {Str+2} (You found it on level 4 of the Dungeon)
  3910 | D:5      | Entered Level 5 of the Dungeon
  3923 | D:5      | Noticed a water moccasin
  3932 | D:5      | HP: 1/48 [poisoned by a killer bee]
  3932 | D:5      | Reached * piety under Okawaru
  3932 | D:5      | Gained mutation: You are mostly covered in yellow scales. (AC +3) [demonic ancestry]
  3932 | D:5      | Reached XP level 7. HP: 1/53 MP: 7/7
  3933 | D:5      | Succumbed to a killer bee's poison

Vault maps used:
D:1:      onia_arrival_larder, serial_glass, glass_columns_c, glass_columns_b,
          minmay_misc_feat_iff, minmay_misc_feat_ornament
D:2:      first_ration
D:4:      minmay_temple_entry_crystal_x, minivault_27, sigmund_army
D:5:      grunt_temple_overflow_open, kennysheep_generic_room_2,
          uniq_blork_the_orc, uniq_menkaure
Temple:   dpeg_five_rooms_temple

Skill      XL: |  1  2  3  4  5  6 |
---------------+-------------------+-----
Armour         | 3 4 |  4.0
Axes           | 2 3 4 |  4.9
Shields        | 3 |  3.4
Dodging        | 1 |  1.5
Fighting       | |  3.9
Stealth        | |  0.6

Action                   |  1- 3 |  4- 6 |  7- 9 || total
-------------------------+-------+-------+-------++-------
Melee: War axe           |   147 |   230 |       ||   377
Evoke: Wand              |       |     3 |       ||     3
  Use: Potion            |       |     3 |     1 ||     4
 Stab: Distracted        |       |     2 |       ||     2
  Eat: Chunk             |     2 |     8 |       ||    10
Armor: Scale mail        |    93 |   106 |       ||   199
Dodge: Dodged            |    57 |    98 |       ||   155
Block: Shield            |    94 |   122 |     1 ||   217

Table legend:
 A = Spawn XP
 B = Non-spawn XP
 C = Spawn XP percentage of total XP
 D = Spawn monster count
 E = Non-spawn monster count
 F = Spawn count percentage of total count
 G = Total turns spent on level
                    A         B        C        D         E        F      G
               +---------+---------+-------+---------+---------+-------+---------
         Total |       0 |     746 |   0.0 |       0 |     113 |   0.0 |  3933
               +---------+---------+-------+---------+---------+-------+---------
           D:1 |       0 |      59 |   0.0 |       0 |      38 |   0.0 |  1071
           D:2 |       0 |      65 |   0.0 |       0 |      20 |   0.0 |   753
           D:3 |       0 |     193 |   0.0 |       0 |      38 |   0.0 |   964
           D:4 |       0 |     295 |   0.0 |       0 |      15 |   0.0 |   961
           D:5 |       0 |     134 |   0.0 |       0 |       2 |   0.0 |    23
               +---------+---------+-------+---------+---------+-------+---------
